 Dungeon Crawl Stone Soup version 0.28.0-43-g3370ac3207 (webtiles) character file.

Game seed: 14921521395228637947

199 terff the Skirmisher (level 6, -3/48 HPs)
             Began as a Human Fighter on Mar 30, 2022.
             Succumbed to an orc's poison
             ... on level 3 of the Dungeon.
             The game lasted 00:06:47 (2961 turns).

terff the Skirmisher (Human Fighter)                Turns: 2961, Time: 00:06:48

Health: -3/48      AC: 14    Str: 17    XL:     6   Next: 6%
Magic:  6/6        EV:  6    Int:  8    God:
Gold:   113        SH:  5    Dex: 14    Spells: 5/5 levels left

rFire   . . .      SeeInvis +   a - +0 flail
rCold   . . .      Faith    .   c - +0 buckler
rNeg    . . .      Spirit   .   e - +0 chain mail
rPois   .          Reflect  .   n - +0 helmet
rElec   .          Harm     .   (no cloak)
rCorr   .          Rampage  ∞   (no gloves)
Will    .....                   b - +3 pair of seven-league boots {Rampage+∞}
Stlth   ..........              j - amulet of the acrobat
HPRegen 0.16/turn               q - ring of see invisible
MPRegen 0.10/turn               (no ring)

@: lethally poisoned (-3 -> -20)
A: no striking features
a: no special abilities


You were on level 3 of the Dungeon.
You visited 1 branch of the dungeon, and saw 3 of its levels.

You collected 113 gold pieces.

Inventory:

Hand Weapons
 a - a +0 flail (weapon)
Armour
 b - the +3 pair of seven-league boots (worn) {Rampage+∞}
   (You acquired it on level 2 of the Dungeon)

   Its wearer moves as far as possible in that direction when moving towards
   enemies.
 c - a +0 buckler (worn)
 e - a +0 chain mail (worn)
 m - the +2 robe of Fuzzy the Good {Harm rPois}
   (You found it on level 2 of the Dungeon)

   rPois:     It protects you from poison.
   Harm:      It increases damage dealt and taken.
 n - a +0 helmet (worn)
Jewellery
 j - an amulet of the acrobat (around neck)
 q - a ring of see invisible (left hand)
Scrolls
 h - a scroll of brand weapon
 l - a scroll of vulnerability {unknown}
Potions
 g - 2 potions of brilliance {unknown}
 i - 2 potions of cancellation
 k - a potion of attraction {unknown}
 o - a potion of degeneration {unknown}
 p - 3 potions of haste {unknown}


   Skills:
 * Level 4.0 Fighting
 + Level 3.8 Maces & Flails
 + Level 3.7 Armour
 + Level 0.6 Dodging
 + Level 1.0 Stealth
 + Level 3.4 Shields


You had 5 spell levels left.
You didn't know any spells.
Your spell library was empty.

Dungeon Overview and Level Annotations

Branches:
Dungeon (3/15)

Altars:
Sif Muna
Wu Jian

Annotations:
D:3 3 runed translucent doors


Message History

The orc hits you with a +0 dagger.
* * * LOW HITPOINT WARNING * * *
You closely miss the orc. The hobgoblin barely misses you.
The orc hits you but does no damage.
It was a potion of cancellation.
Your magical effects are unravelling.
You feel magically purged.
You feel a little less mighty now.
The hobgoblin hits you but does no damage.
The orc hits you but does no damage.
As you read the scroll labelled YZUNAILUE, it crumbles to dust.
It is a scroll of identify.
h - a scroll of brand weapon The hobgoblin completely misses you.
The orc hits you but does no damage.
You sock the hobgoblin!
You kill the hobgoblin!
You hit the orc.
The orc is severely wounded.
The orc hits you but does no damage.
You hit the orc.
You kill the orc!
You hit the rat.
You kill the rat!
The ball python barely misses you. The ball python grabs you.
The ball python constricts you.
* * * LOW HITPOINT WARNING * * *
The ball python bites you but does no damage.
The ball python constricts you.
You thump the ball python!
You kill the ball python!
You hit the orc.
The orc is severely wounded.
The orc hits you with a +0 war axe of venom.
* * * LOW HITPOINT WARNING * * *
You are lethally poisoned!
The orc hits you but does no damage.
You are more poisoned.
You hit the orc.
You kill the orc!
You die...

........#....#####.#P
........####.# #.#.
.......####.# #.##
.........##.# ###
#.......).#
+.........######
#................
#.†....##........
#@#....##........
#)#....##........ ..($
#†#....##........ .....
#............./..
.....##................
.....Z#...............
#+++###.).........
......#'#######...
...........# ###


There were no monsters in sight!

Vanquished Creatures
  Natasha (thrice) (D:2)
  Robin (D:2)
  A howler monkey skeleton (D:2)
  3 adders
  A worm (D:2)
  4 orcs (D:3)
  9 endoplasms
  2 giant cockroaches
  12 goblins
  6 hobgoblins
  4 jackals (D:2)
  9 kobolds
  A quokka (D:3)
  6 ball pythons
  3 bats
  A frilled lizard (D:1)
  6 rats
72 creatures vanquished.

Vanquished Creatures (others)
  6 plants (D:3)
  7 withered plants (D:3)
13 creatures vanquished.

Grand Total: 85 creatures vanquished

Notes
Turn   | Place    | Note
-------+----------+-------------------------------------------
     0 | D:1      | terff the Human Fighter began the quest for the Orb.
     0 | D:1      | Reached XP level 1. HP: 18/18 MP: 1/1
   298 | D:1      | Reached XP level 2. HP: 23/24 MP: 2/2
   994 | D:2      | Reached XP level 3. HP: 27/29 MP: 3/3
  1014 | D:2      | Found a shimmering blue altar of Sif Muna.
  1026 | D:2      | Identified the +2 robe of Fuzzy the Good {Harm rPois}
  1479 | D:2      | Reached skill level 1 in Stealth
  1588 | D:2      | Noticed Natasha
  1595 | D:2      | Killed Natasha
  1596 | D:2      | Reached XP level 4. HP: 25/35 MP: 4/4
  1695 | D:2      | Identified a scroll of acquirement
  1695 | D:2      | Acquired the +3 pair of seven-league boots {Rampage+∞}
  1695 | D:2      | Found the +3 pair of seven-league boots {Rampage+∞}
  1840 | D:2      | Noticed Robin
  1876 | D:2      | Reached XP level 5. HP: 32/42 MP: 5/5
  1894 | D:2      | Killed Robin
  2281 | D:2      | Noticed Natasha
  2290 | D:2      | Killed Natasha
  2483 | D:2      | Noticed Natasha
  2504 | D:2      | Killed Natasha
  2649 | D:3      | Found a faded altar of an unknown god.
  2676 | D:3      | Found an ornate altar of the Wu Jian Council.
  2749 | D:3      | Reached skill level 4 in Fighting
  2764 | D:3      | Reached XP level 6. HP: 35/48 MP: 6/6
  2928 | D:3      | Found a runed translucent gate.
  2928 | D:3      | Found a runed translucent gate.
  2928 | D:3      | Found a runed translucent gate.
  2946 | D:3      | HP: 2/48 [orc/+0 dagger (2)]
  2960 | D:3      | HP: 2/48 [orc/+0 war axe of venom (1)]
  2961 | D:3      | Succumbed to an orc's poison

Illustrated notes

Levels and vault maps discovered:
D:1:      roderic_chinese_lattice_arrival, layout_loops_ring
D:2:      layout_loops_ring, basic_altar, minmay_heptomino_h4, uniq_robin,
          uniq_natasha
D:3:      layout_basic, cheibrodos_ashenzari_chains, nzn_wu_jian_contemplation,
          shapermc_ecumenical_altar_flowoftime, gammafunk_ghost_necromancy,
          cheibrodos_sewer_entry_drain, minmay_curled_crystal

Skill      XL: |  1  2  3  4  5 |
---------------+----------------+-----
Stealth        | 1 |  1.0
Maces & Flails | 3 |  3.8
Fighting       | 4 |  4.0
Armour         | |  3.7
Dodging        | |  0.6
Shields        | |  3.4

Action                   |  1- 3 |  4- 6 || total
-------------------------+-------+-------++-------
Melee: Flail             |   105 |   172 ||   277
  Use: Scroll            |       |     4 ||     4
       Potion            |       |     2 ||     2
Armor: Chain mail        |    69 |   134 ||   203
Dodge: Dodged            |    34 |    82 ||   116
Block: Buckler           |    27 |    47 ||    74
